 Dungeon Crawl Stone Soup version 0.28-a0-655-g4eb62b627b (webtiles) character file.

Game seed: 17219709998746861241

203472 Irenicus the Spry (level 17, 61/146 HPs)
             Began as a Deep Dwarf Earth Elementalist on Oct 11, 2021.
             Was the Champion of Makhleb.
             Quit the game on level 2 of the Swamp on Oct 12, 2021.
             The game lasted 03:51:11 (16743 turns).

Irenicus the Spry (Deep Dwarf Earth Elementalist)  Turns: 16743, Time: 03:51:12

Health: 61/146     AC: 18    Str: 13    XL:     17   Next: 47%
Magic:  6/32       EV: 20    Int: 24    God:    Makhleb [******]
Gold:   3148       SH: 21    Dex: 19    Spells: 24/42 levels left

rFire   . . .      SeeInvis +   i - +7 quick blade (vamp)
rCold   . . .      Faith    .   R - +2 kite shield
rNeg    + . .      Spirit   .   I - +0 swamp dragon scales
rPois   +          Reflect  +   a - +1 helmet
rElec   .          Harm     .   y - scarf {repulsion}
rCorr   .          Rampage  .   w - +2 pair of gloves
Will    ++...                   z - +2 pair of boots
Stlth   +++.......              l - amulet of reflection
HPRegen 0.00/turn               D - +6 ring of dexterity
MPRegen 0.23/turn               v - ring of see invisible

@: repel missiles
A: damage resistance, heal wounds, negative energy resistance 1, sense
surroundings 2, no regeneration, clever 1, wild magic 1
}: 2/15 runes: decaying, serpentine
a: Heal Wounds, Renounce Religion, Minor Destruction, Lesser Servant of Makhleb,
Major Destruction, Greater Servant of Makhleb


You were on level 2 of the Swamp.
You worshipped Makhleb.
Makhleb was exalted by your worship.
You visited 6 branches of the dungeon, and saw 28 of its levels.
You also visited: Ice Cave and Volcano.

You collected 3798 gold pieces.
You spent 650 gold pieces at shops.


Innate Abilities, Weirdness & Mutations

You are resistant to damage.
You can heal yourself by infusing magical energy.
You resist negative energy. (rN+)
You passively map the area around you.
You do not regenerate.
Your mind is acute. (Int +2)
Your spells are a little harder to cast, but a little more powerful.


   Skills:
 - Level 8.0 Fighting
 - Level 8.0 Armour
 - Level 16.0 Dodging
 + Level 8.1 Stealth
 - Level 15.0 Shields
 - Level 13.0 Spellcasting
 - Level 9.1 Necromancy
 - Level 2.0 Translocations
 + Level 4.6 Transmutations
 - Level 16.0 Earth Magic
 - Level 9.2 Evocations


You had 24 spell levels left.
You knew the following spells:

 Your Spells              Type           Power      Damage    Failure   Level
e - Sublimation of Blood  Necr           33%        N/A       1%          2
f - Borgnjor's Vile Clut  Necr/Erth      39%        N/A       2%          5
g - Apportation           Tloc           66%        N/A       5%          1
p - Petrify               Tmut/Erth      71%        N/A       2%          4
t - Stone Arrow           Conj/Erth      100%       3d13      1%          3
w - Passwall              Tmut/Erth      59%        N/A       1%          2
z - Sandblast             Erth           100%       2d20      1%          1

Your spell library contained the following spells:

 Spells                   Type           Power      Damage    Failure   Level
 Foxfire                  Conj/Fire      80%        2x1d8     12%         1
 Magic Dart               Conj           80%        1d7       12%         1
 Shock                    Conj/Air       80%        1d8       12%         1
 Poisonous Vapours        Pois/Air       40%        N/A       16%         2
 Searing Ray              Conj           40%        2d5       16%         2
 Static Discharge         Conj/Air       20%        N/A       16%         2
 Ignite Poison            Fire/Tmut/Pois 29%        N/A       17%         3
 Conjure Flame            Conj/Fire      20%        6-21      30%         3
 Mephitic Cloud           Conj/Pois/Air  20%        N/A       30%         3
 Swiftness                Air            20%        N/A       30%         3
 Airstrike                Air            10%        N/A       67%         4
 Fulminant Prism          Conj/Hex       10%        3d9       67%         4
 Sticky Flame             Conj/Fire      20%        2d4       67%         4
 Alistair's Intoxication  Tmut/Pois      22%        N/A       71%         5
 Irradiate                Conj/Tmut      17%        3d19      71%         5
 Lightning Bolt           Conj/Air       10%        1d23      94%         5
 Eringya's Noxious Bog    Tmut/Pois      17%        N/A       99%         6
 Invisibility             Hex            10%        N/A       100%        6
 Maxwell's Capacitive Co  Air            10%        ∞         100%        8

Inventory:

Hand Weapons
 c - the +5 long sword "Epsaotta" {drain, rPois}
   (You found it on level 3 of the Swamp)

   A truly terrible weapon, it drains the life of any living foe it strikes.
   rPois:     It protects you from poison.
 i - a +7 vampiric quick blade (weapon)
 q - the +6 Majin-Bo {vamp, MP+6 Int+6}
   (You acquired it on level 2 of the Swamp)

   It occasionally heals its wielder for a portion of the damage dealt when they
   wound a living foe with it or with a spell.
   Its wielder's spells cost health as well as magical power.
   Int:       It affects your intelligence (+6).
   MP:        It affects your magic capacity (+6).
Missiles
 f - 36 stones
 L - 7 curare-tipped darts {=f}
Armour
 a - a +1 helmet (worn)
 k - a +0 tower shield of cold resistance
 m - a +0 buckler of cold resistance
 w - a +2 pair of gloves (worn)
 x - a +0 kite shield of reflection
 y - a scarf of repulsion (worn)
 z - a +2 pair of boots (worn)
 I - +0 swamp dragon scales (worn)
 K - a +1 ring mail of fire resistance
 R - a +2 kite shield (worn)
Magical Staves
 F - a staff of earth {!a}
 T - a staff of cold {!a}
Jewellery
 d - a +6 ring of dexterity
 l - an amulet of reflection (around neck)
 v - a ring of see invisible (right hand)
 C - a ring of protection from cold
 D - a +6 ring of dexterity (left hand)
 W - a ring of willpower
 X - an amulet of the acrobat
Wands
 e - a wand of polymorph (6)
 h - a wand of acid (3)
 M - a wand of paralysis (3)
 Q - a wand of digging (2)
Scrolls
 b - 4 scrolls of vulnerability
 g - 3 scrolls of immolation
 n - 4 scrolls of magic mapping
 o - 5 scrolls of identify {@r1}
 S - a scroll of enchant armour
Potions
 j - 7 potions of curing {@q1}
 p - 4 potions of lignification
 r - a potion of berserk rage {!q}
 t - 3 potions of brilliance
 A - 4 potions of might
 B - 4 potions of mutation
 H - 3 potions of haste {@q3}
 O - a potion of cancellation
 U - 2 potions of flight
Miscellaneous
 u - a lightning rod (2/4)
 E - a box of beasts (inert)
 G - a piece from Xom's chessboard (15/15)
 N - a phial of floods (inert)
 Y - a tin of tremorstones (inert)

Dungeon Overview and Level Annotations

Branches:
Dungeon (12/15)            Temple (1/1) D:4            Lair (6/6) D:11
  Swamp (4/4) Lair:3        Snake (4/4) Lair:3        Slime (0/5) Lair:5
    Orc (1/2) D:9           IceCv (visited)         Volcano (visited)

Altars:
Ashenzari
Cheibriados
Dithmenos
Elyvilon
Fedhas
Gozag
Hepliaklqana
Kikubaaqudgha
Makhleb
Nemelex Xobeh
Okawaru
Qazlal
Ru
Sif Muna
Trog
Uskayaw
Vehumet
Wu Jian
Xom
Yredelemnul
Zin
The Shining One
Lugonu

Shops:
D:1 [   D:4 *[(*   D:8 [*   Snake:1 ?

Portals:
Abyss: Lair:6

Annotations:
D:8 Grum
D:11 Josephine
Lair:1 1 runed translucent door, whitenoisemaker's ghost, journeyman DECj
Lair:2 3 runed translucent doors, Jatofuta's ghost, journeyman MfGl; Nologisch's ghost, journeyman TrMo; Pugremor's ghost, journeyman OpCj; Xaifossi's ghost, journeyman GrEE
Lair:3 Nergalle

♣§≈≈...≈♣...≈≈≈≈...♣♣≈.♣♣
*♣.)..♣♣♣♣♣♣≈.≈≈≈≈..≈♣♣♣♣♣♣
..≈≈≈≈[♣..≈♣♣.≈≈≈.≈♣♣♣ ♣.
≈≈.≈≈≈.....♣≈.≈≈....♣♣ ♣.
*** ≈...≈≈≈.$.♣♣♣.§≈≈♣♣..♣
♣♣♣♣ *
≈≈§.≈≈§...≈♣.§§≈.♣.≈.♣♣♣..♣
≈ * ,
≈≈..≈≈.≈♣♣.≈≈≈.♣≈≈≈♣♣...♣
≈≈....≈≈..♣i≈≈≈.♣♣♣♣♣ §.≈♣
, ....≈≈≈.@.R†..♣♣♣♣♣♣♣♣♣.♣
≈* , ≈≈..≈≈≈.♣♣♣≈≈♣♣
♣..♣..... ≈,≈≈≈§≈≈≈.♣ ♣♣♣♣
♣....≈.≈≈ ≈ ≈ ≈≈≈≈≈≈≈.♣
♣≈...†≈≈≈ .§≈≈≈≈≈.♣
♣♣♣♣♣♣♣♣♣†♣♣≈. ,
≈.≈≈≈..≈.♣♣♣♣§≈♣.≈♣♣≈†♣♣♣.
≈ *
..≈......♣○≈≈≈≈...≈...♣♣♣ *
♣......≈≈...≈≈≈≈≈.....♣ * ,
♣♣......≈≈≈.≈§.≈...§..≈≈♣


You could see an eleionoma and a spriggan rider.


Message History

You impale the spriggan rider!!
You kill the hornet!
Makhleb accepts your kill.
You feel better.
The spriggan falls from its now dead mount.
You feel better.
The spriggan is heavily wounded.
The spriggan rider misses you. You block the eleionoma's attack.
The helpless spriggan fails to defend itself.
You impale the spriggan!!
You feel better.
You kill the spriggan!
Makhleb accepts your kill.
You feel better.
You hear a splash.
You block the spriggan rider's attack.
The eleionoma hurls a spray of splinters at you.
The spray of wooden splinters hits you but does no damage.
Okay, then.
You enter the shallow water.
Moving in this stuff is going to be slow.
The spriggan rider misses you.
Things that are here:
a +0 spear; a spriggan corpse; a hornet corpse The spriggan rider hits you with a +0 spear!
* * * LOW HITPOINT WARNING * * *
The eleionoma hurls a spray of splinters at you.
The spray of wooden splinters misses you.
Unknown command.
You block the spriggan rider's attack.
Are you sure you want to abandon this character and quit the game? (Confirm with "yes".)

Skill      XL: |  1  2  3  4  5  6  7  8  9 10 11 12 13 14 15 16 17 |
---------------+----------------------------------------------------+-----
Earth Magic    | 5 6 7 8 9 12 13 14 15 16 | 16.0
Spellcasting   | 2 3 5 9 11 13 | 13.0
Translocations | 1 2 |  2.0
Dodging        | 7 14 16 | 16.0
Armour         | 3 6 8 |  8.0
Fighting       | 3 8 |  8.0
Stealth        | 5 8 |  8.1
Shields        | 3 6 10 15 | 15.0
Necromancy     | 8 9 |  9.1
Evocations     | 2 8 9 |  9.2
Transmutations | 4 |  4.6

Action                   |  1- 3 |  4- 6 |  7- 9 | 10-12 | 13-15 | 16-18 || total
-------------------------+-------+-------+-------+-------+-------+-------++-------
Melee: Rapier            |    27 |    30 |       |       |       |       ||    57
       Staff             |    15 |    31 |       |    43 |   282 |   132 ||   503
       Dagger            |       |    15 |    12 |       |       |       ||    27
       Quick blade       |       |       |       |    24 |    23 |   144 ||   191
Throw: Javelin           |     4 |     1 |     5 |       |       |       ||    10
       Boomerang         |       |       |       |     1 |       |       ||     1
       Dart              |       |       |       |       |       |     1 ||     1
 Cast: Sandblast         |    43 |    56 |    80 |   203 |   324 |   136 ||   842
       Passwall          |     1 |    11 |    16 |     7 |    24 |     4 ||    63
       Stone Arrow       |       |     8 |    48 |   106 |    40 |    24 ||   226
       Borgnjor's Vile C |       |       |       |    36 |   113 |    84 ||   233
       Apportation       |       |       |       |       |     4 |     3 ||     7
       Petrify           |       |       |       |       |       |    18 ||    18
       Sublimation of Bl |       |       |       |       |       |     2 ||     2
 Abil: Heal Wounds       |       |     2 |       |     8 |       |     2 ||    12
Evoke: Wand              |       |       |       |    24 |    34 |    59 ||   117
       Piece from Xom's  |       |       |       |     2 |    12 |     6 ||    20
       Phial of floods   |       |       |       |       |     5 |     5 ||    10
       Tin of tremorston |       |       |       |       |     2 |     6 ||     8
       Lightning rod     |       |       |       |       |       |     6 ||     6
       Box of beasts     |       |       |       |       |       |     2 ||     2
  Use: Potion            |     2 |       |     4 |    10 |     1 |    11 ||    28
       Scroll            |     1 |     3 |     6 |    16 |    14 |     7 ||    47
 Stab: Sleeping          |       |     3 |       |       |     4 |       ||     7
       Fleeing           |       |       |       |     1 |       |       ||     1
       Paralysed         |       |       |       |       |    14 |    25 ||    39
       Distracted        |       |       |       |       |       |     1 ||     1
       Petrified         |       |       |       |       |       |    76 ||    76
       Petrifying        |       |       |       |       |       |     3 ||     3
Armor: Robe              |    14 |    24 |       |       |       |       ||    38
       Leather armour    |       |     8 |     5 |       |       |       ||    13
       Steam dragon scal |       |       |     1 |    50 |    84 |    41 ||   176
       Ring mail         |       |       |       |     2 |       |       ||     2
       Swamp dragon scal |       |       |       |       |       |   107 ||   107
Dodge: Dodged            |    32 |    65 |    29 |   270 |   406 |   332 ||  1134
       Repelled          |       |       |       |     7 |    12 |     9 ||    28
Block: Other             |       |       |       |    13 |    30 |       ||    43
       Reflection        |       |       |       |     1 |    48 |    29 ||    78
       Kite shield       |       |       |       |       |   620 |   546 ||  1166

Levels and vault maps discovered:
D:1:      wander_arrival_lonely_grave, layout_loops_cross, serial_shops, shop,
          shapermc_ecumenical_altar_ellora, minmay_indecisive_spiral
D:2:      minmay_skewed_foursquare, layout_rooms, basic_altar, uniq_robin
D:3:      layout_basic, gammafunk_temple_overflow_pools
D:4:      layout_loops_cross, minmay_temple_entry_crystal_x, serial_shops,
          nicolae_shop_behind_doors, shop, shop, kennysheep_mini,
          chequers_serial_rivers_large_b, minivault_24
D:5:      layout_basic, cheibrodos_ashenzari_chains, minmay_misc_feat_cross
D:6:      layout_basic, nicolae_ru_the_path_less_chosen, kennysheep_mini_moat,
          uniq_sigmund
D:7:      layout_cave_pods, tso_altar, nicolae_uskayaw_suspiria, minivault_27,
          kennysheep_generic_room_12
D:8:      layout_basic, mainiacjoe_overflow_24_doors, grunt_gozag_breadcrumbs,
          serial_shops, shop, nicolae_lakefront_shop, serial_park_tiny_2,
          uniq_grum
D:9:      layout_roguey, old_standard_altar, mainiacjoe_overflow_alcove_4,
          orc_0_dummy, minmay_misc_feat_nine_boxes
D:10:     layout_loops_ring, trog_butcher_becter
D:11:     layout_big_octagon, lair_entry_dummy, serial_column_ruins,
          column_ruins_hut, column_ruins_circle_medium,
          column_ruins_open_medium, column_ruins_corridor_dead_end,
          column_ruins_columns_dead_end, column_ruins_columns_corner,
          column_ruins_open_tiny, column_ruins_columns_dead_end, uniq_josephine
D:12:     layout_roguey, hangedman_abyss_or_decor_passed,
          nemelex_lonely_heart_becter, uniq_psyche, uniq_sonja
Temple:   zaba_magenta_temple
Lair:1:   wander_river, layout_layer_cave, hellmonk_ghost_happy_afterlife,
          nicolae_quartered_pool_medium, beast_lair_carwin_10, uniq_gastronok
Lair:2:   layout_regular_city, gammafunk_ghost_cemetery,
          grunt_forest_large_clearings, grunt_megastairs_3
Lair:3:   layout_concentric_octagons, swamp_mist,
          minmay_snake_entry_guardpost_large, enter_volcano_3,
          nicolae_lair_grove_arrangements, kennysheep_basilisk_garden,
          lemuel_fruit_tree, uniq_nergalle
Lair:4:   layout_gridlike
Lair:5:   layout_roguey [special_room_mythical_zoo], minmay_slime_entry_pillars,
          serial_bayou_shore_a
Lair:6:   hellmonk_lair_end_abyssal_woods, layout_loops_ring,
          serial_bayou_crossing
Swamp:1:  layout_basic_swamp, evilmike_swamp_ruin_house_6
Swamp:2:  layout_basic_swamp, nicolae_swamp_little_swirl,
          nicolae_swamp_very_dense_foliage, infiniplex_staircase_pool,
          uniq_kirke, uniq_donald
Swamp:3:  layout_falls_marsh, portal_ice_cave_entry_pillars_1,
          evilmike_swamp_ruin_house_5, cheibrodos_swamp_witchery
Swamp:4:  byrel_swamp_growth_death_and_undeath, layout_basic_swamp
Snake:1:  layout_gridlike, serial_shops, nicolae_shop_stone, grunt_megastairs_5,
          uniq_aizul, uniq_frances
Snake:2:  layout_onion_interference, basic_altar, grunt_megastairs_2
Snake:3:  layout_gridlike, basic_altar
Snake:4:  hellmonk_snake_rune_quicksilver_temple, layout_cave_town, uniq_vashnia
Orc:1:    layout_diamond_mine

Notes
Turn   | Place    | Note
-------+----------+-------------------------------------------
     0 | D:1      | Irenicus the Deep Dwarf Earth Elementalist began the quest
                  | for the Orb.
     0 | D:1      | Reached XP level 1. HP: 15/15 MP: 3/3
   212 | D:1      | Reached XP level 2. HP: 14/22 MP: 2/4
   300 | D:1      | Found a faded altar of an unknown god.
   372 | D:1      | Reached skill level 5 in Earth Magic
   494 | D:1      | Found Kyusheh's Armour Emporium.
   511 | D:2      | Found an opulent altar of Gozag.
   537 | D:2      | Learned a level 2 spell: Passwall
   558 | D:2      | Reached XP level 3. HP: 16/28 MP: 2/5
   638 | D:2      | Reached skill level 6 in Earth Magic
   695 | D:2      | Gained mutation: Your spells are a little harder to cast,
                  | but a little more powerful. [potion of mutation]
   695 | D:2      | Gained mutation: Your mind is acute. (Int +2) [potion of
                  | mutation]
   776 | D:2      | Reached XP level 4. HP: 23/36 MP: 6/6
   794 | D:2      | Noticed Robin
   803 | D:2      | Killed Robin
   843 | D:2      | Learned a level 3 spell: Stone Arrow
   882 | D:2      | Reached skill level 7 in Earth Magic
  1115 | D:3      | Found a glowing silver altar of Zin.
  1115 | D:3      | Found a basalt altar of Yredelemnul.
  1240 | D:3      | Reached XP level 5. HP: 29/42 MP: 4/7
  1281 | D:3      | Reached skill level 2 in Spellcasting
  1489 | D:4      | Found a staircase to the Ecumenical Temple.
  1503 | D:4      | HP: 3/42 [orc priest/nerve-wracking pain (11)]
  1507 | D:4      | Reached skill level 8 in Earth Magic
  1514 | Temple   | Entered the Ecumenical Temple
  1557 | Temple   | Became a worshipper of Makhleb the Destroyer
  1612 | D:4      | Found Moucs's Assorted Antiques.
  1665 | D:4      | Found Iprutt's Armour Shop.
  1676 | D:4      | Reached XP level 6. HP: 19/49 MP: 3/10
  1728 | D:4      | Reached skill level 3 in Spellcasting
  1845 | D:4      | Found Oxuisuine's General Store.
  1888 | D:4      | Found Ynaeg's Antique Weapon Shoppe.
  1996 | D:4      | Bought a scroll of amnesia for 38 gold pieces
  1996 | D:4      | Bought 19 stones for 20 gold pieces
  1996 | D:4      | Bought 10 stones for 11 gold pieces
  1996 | D:4      | Bought a potion of heal wounds for 55 gold pieces
  2116 | D:5      | Entered Level 5 of the Dungeon
  2124 | D:5      | Reached skill level 9 in Earth Magic
  2176 | D:5      | Reached XP level 7. HP: 20/55 MP: 3/11
  2285 | D:5      | Reached skill level 10 in Earth Magic
  2427 | D:5      | Found a broken altar of Ashenzari.
  2538 | D:6      | Reached * piety under Makhleb
  2611 | D:6      | Reached skill level 11 in Earth Magic
  2724 | D:6      | Found a sacrificial altar of Ru.
  2884 | D:6      | Reached skill level 12 in Earth Magic
  2884 | D:6      | Reached XP level 8. HP: 23/62 MP: 5/12
  2986 | D:6      | Noticed Sigmund
  3017 | D:6      | Found an ornate altar of the Wu Jian Council.
  3029 | D:6      | Killed Sigmund
  3123 | D:7      | Reached skill level 13 in Earth Magic
  3158 | D:7      | Found a glowing golden altar of the Shining One.
  3224 | D:7      | Reached skill level 4 in Spellcasting
  3344 | D:7      | Reached skill level 5 in Spellcasting
  3407 | D:7      | Gained mutation: You passively map the area around you.
                  | [Deep Dwarf growth]
  3407 | D:7      | Reached XP level 9. HP: 24/68 MP: 8/17
  3463 | D:7      | Reached ** piety under Makhleb
  3464 | D:7      | Reached skill level 6 in Spellcasting
  3565 | D:7      | Found a hide-covered altar of Uskayaw.
  3761 | D:8      | Reached skill level 7 in Spellcasting
  3960 | D:8      | Reached skill level 8 in Spellcasting
  3997 | D:8      | Found Qeyseg's General Store.
  4021 | D:8      | Found Gehav's Antique Armour Shop.
  4057 | D:8      | Noticed Grum
  4166 | D:8      | Found a white marble altar of Elyvilon.
  4183 | D:8      | Reached skill level 9 in Spellcasting
  4190 | D:8      | Learned a level 1 spell: Apportation
  4225 | D:8      | Found an opulent altar of Gozag.
  4240 | D:8      | Reached skill level 1 in Translocations
  4240 | D:8      | Reached XP level 10. HP: 36/75 MP: 7/23
  4245 | D:8      | Reached skill level 3 in Dodging
  4245 | D:8      | Reached skill level 2 in Translocations
  4345 | D:9      | Reached skill level 1 in Armour
  4362 | D:9      | Reached skill level 1 in Fighting
  4484 | D:9      | Found a snail-covered altar of Cheibriados.
  4498 | D:9      | Reached skill level 2 in Armour
  4501 | D:9      | Reached skill level 2 in Fighting
  4526 | D:10     | Entered Level 10 of the Dungeon
  4539 | D:10     | Reached skill level 3 in Armour
  4542 | D:10     | Reached *** piety under Makhleb
  4566 | D:10     | Reached skill level 3 in Fighting
  4599 | D:10     | Noticed a two-headed ogre
  4604 | D:10     | Killed a two-headed ogre
  4605 | D:10     | Reached skill level 5 in Dodging
  4623 | D:10     | Reached skill level 6 in Dodging
  4721 | D:10     | Found a bloodstained altar of Trog.
  4799 | D:10     | Reached skill level 7 in Dodging
  4862 | D:10     | Reached skill level 4 in Stealth
  4948 | D:10     | Reached skill level 5 in Stealth
  5039 | D:10     | Reached skill level 1 in Shields
  5042 | D:10     | Reached skill level 2 in Shields
  5138 | D:9      | Found a staircase to the Orcish Mines.
  5167 | D:9      | Reached skill level 3 in Shields
  5167 | D:9      | Reached XP level 11. HP: 54/90 MP: 13/24
  5226 | D:9      | Reached skill level 4 in Shields
  5339 | D:9      | Found a shimmering altar of Xom.
  5415 | D:11     | Reached skill level 5 in Shields
  5512 | D:11     | Noticed Josephine
  5532 | D:11     | Reached skill level 6 in Shields
  5575 | D:11     | Found a staircase to the Lair.
  5610 | D:11     | Learned a level 5 spell: Borgnjor's Vile Clutch
  5629 | D:11     | Reached skill level 1 in Necromancy
  5686 | D:11     | Noticed a two-headed ogre
  5691 | D:11     | Killed a two-headed ogre
  5692 | D:11     | Reached skill level 3 in Necromancy
  5772 | D:11     | Reached skill level 4 in Necromancy
  5834 | D:11     | Identified 2 potions of resistance
  5914 | D:12     | Noticed a purple ugly thing
  5920 | D:12     | Killed a purple ugly thing
  5921 | D:12     | Reached skill level 5 in Necromancy
  5937 | D:12     | Reached skill level 6 in Necromancy
  5961 | D:12     | Noticed Sonja
  6004 | D:12     | Noticed Psyche
  6007 | D:12     | Killed Psyche
  6103 | D:12     | Noticed a deep elf pyromancer
  6115 | D:12     | Killed a deep elf pyromancer
  6116 | D:12     | Reached skill level 7 in Necromancy
  6212 | D:12     | Found a sparkling altar of Nemelex Xobeh.
  6246 | D:12     | Reached **** piety under Makhleb
  6359 | D:12     | Killed Sonja
  6360 | D:12     | Reached skill level 8 in Necromancy
  6556 | Orc:1    | Entered Level 1 of the Orcish Mines
  6602 | Orc:1    | Reached skill level 1 in Evocations
  6697 | Orc:1    | Reached skill level 2 in Evocations
  6749 | Orc:1    | Reached XP level 12. HP: 58/97 MP: 5/25
  6759 | Orc:1    | Reached skill level 9 in Necromancy
  6772 | Orc:1    | HP: 7/97 [orc warrior[an orc knight] (4)]
  6862 | Lair:1   | Entered Level 1 of the Lair of Beasts
  6974 | Lair:1   | Reached skill level 3 in Evocations
  7069 | Lair:1   | Got Imuanycu's Compendium of Intoxication and the Volcanoes
  7120 | Lair:1   | Noticed Gastronok
  7131 | Lair:1   | Found a runed translucent door.
  7131 | Lair:1   | Noticed whitenoisemaker's ghost (journeyman DECj)
  7164 | Lair:1   | Reached skill level 4 in Evocations
  7379 | Lair:2   | Found a runed translucent gate.
  7379 | Lair:2   | Found a runed translucent gate.
  7380 | Lair:2   | Found a runed translucent gate.
  7382 | Lair:2   | Noticed Nologisch's ghost (journeyman TrMo)
  7382 | Lair:2   | Noticed Jatofuta's ghost (journeyman MfGl)
  7384 | Lair:2   | Noticed Jatofuta's ghost (journeyman MfGl)
  7384 | Lair:2   | Noticed Pugremor's ghost (journeyman OpCj)
  7385 | Lair:2   | Noticed Xaifossi's ghost (journeyman GrEE)
  7430 | Lair:2   | Reached skill level 10 in Spellcasting
  7448 | Lair:2   | Reached ***** piety under Makhleb
  7487 | Lair:2   | You fall into a shaft and drop 2 floors!
  7561 | Lair:4   | Identified 3 scrolls of acquirement
  7561 | Lair:4   | Acquired a +5 quick blade
  7604 | Lair:3   | Found a staircase to the Snake Pit.
  7687 | Lair:3   | Found a dark tunnel.
  7688 | Volcano  | Entered a volcano
  7708 | Volcano  | Found a radiant altar of Vehumet.
  7718 | Volcano  | Reached skill level 11 in Spellcasting
  7746 | Volcano  | HP: 9/97 [salamander/arrow (12)]
  7747 | Volcano  | Reached skill level 5 in Evocations
  7749 | Volcano  | Reached skill level 6 in Evocations
  7776 | Volcano  | HP: 8/97 [salamander (7)]
  7779 | Volcano  | HP: 3/97 [salamander (11)]
  7801 | Volcano  | Reached skill level 7 in Evocations
  7900 | Lair:3   | Reached skill level 8 in Evocations
  7984 | Lair:3   | HP: 9/97 [komodo dragon (12)]
  8006 | Lair:3   | Noticed Nergalle
  8058 | Lair:3   | Found a staircase to the Swamp.
  8124 | Lair:3   | You fall into a shaft and drop 1 floor!
  8236 | Lair:4   | Acquired 855 gold pieces
  8283 | Lair:4   | Noticed a boulder beetle
  8293 | Lair:4   | Killed a boulder beetle
  8495 | Lair:3   | Reached XP level 13. HP: 44/103 MP: 11/27
  8736 | Lair:2   | Reached skill level 12 in Spellcasting
  9241 | Lair:5   | Reached skill level 13 in Spellcasting
  9255 | Lair:5   | Reached skill level 7 in Shields
  9363 | Lair:5   | Reached ****** piety under Makhleb
  9364 | Lair:5   | Reached skill level 14 in Earth Magic
  9391 | Lair:5   | Reached skill level 8 in Shields
  9497 | Lair:5   | Reached skill level 9 in Shields
  9604 | Lair:5   | Found a staircase to the Slime Pits.
  9695 | Lair:6   | Entered Level 6 of the Lair of Beasts
  9723 | Lair:6   | Reached skill level 10 in Shields
  9913 | Lair:6   | Gained mutation: You resist negative energy. (rN+) [Deep
                  | Dwarf growth]
  9913 | Lair:6   | Reached XP level 14. HP: 76/111 MP: 4/30
  9976 | Lair:6   | Reached skill level 11 in Shields
 10161 | Lair:6   | Acquired 775 gold pieces
 10193 | Lair:6   | Reached skill level 12 in Shields
 10393 | Lair:6   | Reached skill level 13 in Shields
 10594 | Lair:6   | Reached skill level 14 in Shields
 10821 | Lair:6   | Reached skill level 15 in Shields
 10871 | Lair:6   | Reached skill level 4 in Armour
 10995 | Lair:6   | Reached skill level 5 in Armour
 11055 | Lair:6   | Reached skill level 6 in Armour
 11089 | Lair:6   | Found a corrupted altar of Lugonu.
 11089 | Lair:6   | Found a one-way gate to the infinite horrors of the Abyss.
 11242 | Snake:1  | Entered Level 1 of the Snake Pit
 11392 | Snake:2  | Reached XP level 15. HP: 115/117 MP: 20/31
 11393 | Snake:2  | Found an iron altar of Okawaru.
 11497 | Snake:2  | Reached skill level 8 in Dodging
 11520 | Snake:2  | Reached skill level 9 in Dodging
 11684 | Snake:4  | Entered Level 4 of the Snake Pit
 11714 | Snake:4  | Noticed Vashnia
 11720 | Snake:4  | Killed Vashnia
 11721 | Snake:4  | Reached skill level 10 in Dodging
 11973 | Snake:4  | Reached skill level 11 in Dodging
 12216 | Snake:4  | Noticed a nagaraja
 12223 | Snake:4  | Killed a nagaraja
 12224 | Snake:4  | Reached skill level 12 in Dodging
 12250 | Snake:4  | Noticed a nagaraja
 12265 | Snake:4  | Killed a nagaraja
 12314 | Snake:4  | Identified a +0 robe of the Archmagi
 12320 | Snake:4  | Noticed a quicksilver dragon
 12327 | Snake:4  | Noticed a quicksilver dragon
 12334 | Snake:4  | Killed a quicksilver dragon
 12335 | Snake:4  | Reached skill level 13 in Dodging
 12650 | Snake:1  | Noticed Frances
 12655 | Snake:1  | Killed Frances
 12769 | Snake:1  | Found Zeoc's Magic Scroll Shoppe.
 12804 | Snake:1  | Bought a scroll of enchant armour for 82 gold pieces
 12804 | Snake:1  | Bought a scroll of immolation for 38 gold pieces
 12804 | Snake:1  | Bought a scroll of enchant armour for 82 gold pieces
 12804 | Snake:1  | Bought a scroll of brand weapon for 220 gold pieces
 12804 | Snake:1  | Bought a scroll of identify for 22 gold pieces
 12804 | Snake:1  | Bought a scroll of enchant armour for 82 gold pieces
 12963 | Snake:1  | Noticed a nagaraja
 12968 | Snake:1  | Killed a nagaraja
 12969 | Snake:1  | Reached skill level 14 in Dodging
 13006 | Snake:1  | Noticed Aizul
 13017 | Snake:1  | Killed Aizul
 13289 | Snake:2  | Identified the +10 broad axe of Wyrd {flame, Contam rPois
                  | Int+2}
 13765 | Snake:4  | Reached XP level 16. HP: 113/124 MP: 26/32
 13788 | Snake:4  | Reached skill level 15 in Dodging
 13864 | Snake:4  | Killed a quicksilver dragon
 13926 | Snake:4  | Got a serpentine rune of Zot
 13964 | Snake:4  | Upgraded the game from 0.28-a0-653-g7e9dba17c3 to
                  | 0.28-a0-655-g4eb62b627b
 14165 | Lair:1   | Reached skill level 16 in Dodging
 14171 | Lair:1   | Killed Gastronok
 14316 | Swamp:1  | Entered Level 1 of the Swamp
 14364 | Swamp:2  | Noticed Kirke
 14370 | Swamp:2  | Killed Kirke
 14426 | Swamp:2  | Noticed Donald
 14432 | Swamp:2  | Killed Donald
 14493 | Swamp:3  | Found a frozen archway.
 14504 | Swamp:3  | Identified the +5 long sword "Epsaotta" {drain, rPois}
 14518 | Swamp:3  | Reached skill level 4 in Fighting
 14522 | Swamp:3  | Reached skill level 7 in Armour
 14541 | IceCv    | Entered an ice cave
 14613 | IceCv    | Reached skill level 5 in Fighting
 14639 | IceCv    | Reached skill level 8 in Armour
 14779 | IceCv    | Noticed a shard shrike
 14787 | IceCv    | Reached skill level 6 in Fighting
 14814 | IceCv    | Killed a shard shrike
 14815 | IceCv    | Reached skill level 7 in Fighting
 14848 | IceCv    | Identified a +1 leather armour of resistance
 14981 | IceCv    | Reached skill level 8 in Fighting
 15129 | Swamp:4  | Entered Level 4 of the Swamp
 15434 | Swamp:4  | Reached skill level 15 in Earth Magic
 15519 | Swamp:4  | Reached XP level 17. HP: 94/146 MP: 1/33
 15841 | Swamp:4  | Reached skill level 9 in Evocations
 15881 | Swamp:3  | Learned a level 4 spell: Petrify
 15884 | Swamp:3  | Learned a level 2 spell: Sublimation of Blood
 15942 | Swamp:3  | Reached skill level 1 in Transmutations
 16007 | Swamp:4  | Reached skill level 16 in Earth Magic
 16063 | Swamp:4  | Reached skill level 2 in Transmutations
 16164 | Swamp:4  | Found a basalt altar of Yredelemnul.
 16222 | Swamp:4  | Found a blossoming altar of Fedhas.
 16225 | Swamp:4  | Reached skill level 6 in Stealth
 16225 | Swamp:4  | Reached skill level 3 in Transmutations
 16248 | Swamp:4  | Paralysed by a hornet for 2 turns
 16249 | Swamp:4  | HP: 14/146 [eleionoma (7)]
 16249 | Swamp:4  | HP: 4/146 [constriction (10)]
 16326 | Swamp:4  | HP: 9/146 [death drake][a spriggan druid] (7)]
 16338 | Swamp:4  | Reached skill level 7 in Stealth
 16355 | Swamp:4  | HP: 14/146 [oklob plant/splash of acid (25)]
 16377 | Swamp:4  | HP: 11/144 [spectral eight-headed hydra (6)]
 16403 | Swamp:4  | Reached skill level 4 in Transmutations
 16496 | Swamp:4  | Got a decaying rune of Zot
 16670 | Swamp:2  | HP: 9/146 [eight-headed hydra (10)]
 16700 | Swamp:2  | Reached skill level 8 in Stealth
 16716 | Swamp:2  | Acquired the +6 Majin-Bo {vamp, MP+6 Int+6}
 16716 | Swamp:2  | Found the +6 Majin-Bo {vamp, MP+6 Int+6}
 16743 | Swamp:2  | Quit the game

Vanquished Creatures
  Vashnia (Snake:4)
  A shard shrike (IceCv)
  2 quicksilver dragons (Snake:4)
  Frances (Snake:1)
  Kirke (Swamp:2)
  Gastronok (Lair:1)
  5 nagarajas
  2 thorn hunters (Swamp:4)
  Donald (Swamp:2)
  A fenstrider witch (Swamp:3)
  Aizul (Snake:1)
  4 hydra skeletons (Swamp:4)
  2 vampire knights (Swamp:4)
  A white draconian (IceCv)
  5 bunyips
  2 eleionomae
  4 shambling mangroves
  8 naga warriors
  An ice dragon (IceCv)
  7 hydras
  2 salamander tyrants (Snake:4)
  A ghost crab (Swamp:4)
  2 boulder beetles
  2 anacondas
  4 ironbound frosthearts (IceCv)
  2 alligators (Swamp:4)
  2 two-headed ogres
  10 death yaks (Lair:6)
  4 thrashing horrors (Lair:6)
  10 naga sharpshooters
  Sonja (D:12)
  4 shock serpents
  A hell knight (Volcano)
  A salamander mystic (Volcano)
  A death drake (Swamp:4)
  2 spriggan druids (Swamp:4)
  2 goliath frogs
  A flayed ghost (Swamp:4)
  8 swamp dragons
  3 naga ritualists
  4 spectral hydras (Swamp:4)
  A large abomination (Lair:6)
  A bog body (Swamp:2)
  An orange crystal statue (IceCv)
  A lindwurm (Lair:2)
  An orc knight (Orc:1)
  6 mana vipers
  19 ugly things
  A manticore (D:12)
  3 oklob plants (Swamp:4)
  A cyclops (D:12)
  20 elephants
  13 salamanders
  2 will-o-the-wisps (Swamp:3)
  A guardian serpent (Snake:4)
  30 black mambas
  A centaur zombie (D:10)
  12 naga magi
  11 cane toads
  4 smoke demons (Lair:6)
  Psyche (D:12)
  24 rime drakes
  10 komodo dragons
  An unseen horror (D:12)
  15 polar bears
  3 hydra zombies (Swamp:4)
  An ancient zyme (Lair:6)
  2 tyrant leeches (Swamp:3)
  5 trolls
  3 death drake zombies (Swamp:4)
  13 hornets
  20 blink frogs
  2 slime creatures
  11 dream sheep
  Sigmund (D:6)
  4 spriggans
  2 ynoxinuls (Lair:6)
  38 yaks
  3 wraiths (D:11)
  13 wyverns
  A chaos spawn (Lair:6)
  11 small abominations (Lair:6)
  15 basilisks
  2 steam dragons
  12 vampire mosquitoes
  8 swamp worms
  A hydra simulacrum (Swamp:4)
  28 nagas
  3 hell hounds
  19 water moccasins
  9 black bears
  10 orc warriors
  An ice beast (D:6)
  5 necrophages
  A swamp dragon zombie (Swamp:4)
  3 swamp drakes
  46 wolves
  2 ogres (Orc:1)
  8 centaurs
  2 kobold brigands
  A swamp dragon skeleton (Swamp:4)
  9 bullfrogs
  2 scorpions (D:10)
  8 wights
  6 killer bees (D:8)
  2 howler monkeys
  A bullfrog zombie (D:6)
  5 hounds
  A jelly (D:4)
  8 orc priests
  A bullfrog skeleton (D:5)
  A centaur skeleton (D:5)
  5 iguanas
  15 orc wizards
  13 hell rats
  A killer bee zombie (D:8)
  2 howler monkey zombies
  Robin (D:2)
  9 adders
  An adder skeleton (D:4)
  4 worms
  3 dart slugs
  58 orcs
  4 endoplasms
  5 giant cockroaches
  16 goblins
  8 hobgoblins
  4 quokkas
  4 ball pythons
  3 bats
  8 frilled lizards
  21 kobolds
  4 rats
840 creatures vanquished.

Vanquished Creatures (collateral kills)
  A spectral hydra (Swamp:4)
  A phantasmal warrior (Swamp:4)
  A deep elf pyromancer (D:12)
3 creatures vanquished.

Vanquished Creatures (others)
  An alligator (Swamp:4)
  A will-o-the-wisp (Swamp:2)
  A guardian serpent (Snake:4)
  A human (Swamp:2)
  A naga (Snake:4)
  A bush (Lair:6)
  13 foxfires
  76 fungi
  97 plants
192 creatures vanquished.

Grand Total: 1035 creatures vanquished

Table legend: (Time is in decaauts)
 A = Elapsed time spent in this place.
 B = Non-inter-level travel time spent in this place.
 C = Inter-level travel time spent in this place.
 D = Time resting spent in this place.
 E = Time spent auto-exploring this place.
 F = Levels seen in this place.
 G = Mean time per level.
                   A        B        C        D        E       F      G
               +--------+--------+--------+--------+--------+-----+--------+
         Total |  17157 |  16412 |    745 |      0 |     51 |  30 |  571.9 |
       Dungeon |   6644 |   6546 |     98 |      0 |      0 |  12 |  553.7 |
        Temple |     56 |     56 |      0 |      0 |      0 |   1 |   56.0 |
          Lair |   4449 |   4077 |    372 |      0 |      0 |   6 |  741.5 |
         Swamp |   2101 |   2021 |     80 |      0 |     51 |   4 |  525.2 |
     Snake Pit |   2895 |   2700 |    195 |      0 |      0 |   4 |  723.8 |
  Orcish Mines |    207 |    207 |      0 |      0 |      0 |   1 |  207.0 |
      Ice Cave |    597 |    597 |      0 |      0 |      0 |   1 |  597.0 |
       Volcano |    204 |    204 |      0 |      0 |      0 |   1 |  204.0 |
               +--------+--------+--------+--------+--------+-----+--------+

Top non-repeatable levels by time:
  Lair:6: 1526 daAuts
 Swamp:4: 1252 daAuts
 Snake:4: 1139 daAuts
 Snake:2: 802 daAuts
     D:9: 765 daAuts
 Snake:1: 759 daAuts
  Lair:3: 675 daAuts
  Lair:2: 671 daAuts
    D:10: 657 daAuts
     D:7: 655 daAuts
     D:4: 644 daAuts
   IceCv: 597 daAuts
     D:6: 597 daAuts
  Lair:1: 588 daAuts
     D:2: 514 daAuts

Table legend:
 A = Non-vault XP
 B = Vault XP
 C = Vault XP percentage of total XP
 D = Non-vault monster count
 E = Vault monster count
 F = Vault count percentage of total count
                 A         B        C        D         E       F
            +---------+---------+-------+---------+---------+-------
      Total |  128947 |  122235 |  48.7 |     545 |     301 |  35.6
            +---------+---------+-------+---------+---------+-------
        D:1 |      28 |       8 |  22.2 |      17 |       4 |  19.0
        D:2 |      65 |      64 |  49.6 |      23 |      20 |  46.5
        D:3 |      58 |       0 |   0.0 |      10 |       0 |   0.0
        D:4 |     285 |       0 |   0.0 |      22 |       0 |   0.0
        D:5 |     505 |       0 |   0.0 |      14 |       0 |   0.0
        D:6 |     547 |     227 |  29.3 |      13 |       1 |   7.1
        D:7 |    1713 |     162 |   8.6 |      28 |       2 |   6.7
        D:8 |    2274 |     121 |   5.1 |      24 |       1 |   4.0
        D:9 |    2759 |       0 |   0.0 |      26 |       0 |   0.0
       D:10 |    3479 |     336 |   8.8 |      20 |       4 |  16.7
       D:11 |    3379 |     616 |  15.4 |      15 |       3 |  16.7
       D:12 |    2791 |    1189 |  29.9 |      17 |       2 |  10.5
     Lair:1 |    1389 |    3499 |  71.6 |       6 |      12 |  66.7
     Lair:2 |    3829 |    4609 |  54.6 |      19 |      33 |  63.5
     Lair:3 |    4265 |    2011 |  32.0 |      19 |      12 |  38.7
     Lair:4 |    2005 |       0 |   0.0 |       6 |       0 |   0.0
     Lair:5 |    6738 |    6830 |  50.3 |      21 |      27 |  56.2
     Lair:6 |   28499 |   11886 |  29.4 |      82 |      39 |  32.2
    Swamp:1 |     162 |       0 |   0.0 |       1 |       0 |   0.0
    Swamp:2 |    4974 |    2529 |  33.7 |      13 |       2 |  13.3
    Swamp:3 |    7597 |    1311 |  14.7 |      13 |       1 |   7.1
    Swamp:4 |   13220 |   24911 |  65.3 |      27 |      41 |  60.3
    Snake:1 |    7164 |    3585 |  33.4 |      16 |       4 |  20.0
    Snake:2 |   10172 |    2295 |  18.4 |      21 |       6 |  22.2
    Snake:3 |    3151 |       0 |   0.0 |       6 |       0 |   0.0
    Snake:4 |   15915 |   24281 |  60.4 |      34 |      28 |  45.2
      Orc:1 |    1984 |       0 |   0.0 |      32 |       0 |   0.0
      IceCv |       0 |   27026 | 100.0 |       0 |      51 | 100.0
    Volcano |       0 |    4739 | 100.0 |       0 |       8 | 100.0
            +---------+---------+-------+---------+---------+-------
